 Dungeon Crawl Stone Soup version 0.29-a0-1043-g569b05d6ff (webtiles) character file.

Game seed: 2787634099792293720

7557 greenreed the Thaumaturge (level 10, -2/53 HPs)
             Began as a Deep Elf Necromancer on Aug 15, 2022.
             Was a Believer of Sif Muna.
             Slain by a warg (13 damage)
             ... on level 10 of the Dungeon.
             The game lasted 00:37:11 (10448 turns).

greenreed the Thaumaturge (Deep Elf Necromancer)   Turns: 10448, Time: 00:37:12

Health: -2/53      AC:  7    Str:  8    XL:     10   Next: 96%
Magic:  2/29       EV: 14    Int: 25    God:    Sif Muna [**....]
Gold:   512        SH:  4    Dex: 15    Spells: 23/35 levels left

rFire   + . .      SeeInvis .   H - +5 mace "Dipeg Idisch" {spect, rF+ Str+3}
rCold   . . .      Faith    .   q - +0 buckler
rNeg    . . .      Spirit   .   a - +0 robe
rPois   .          Reflect  .   u - +2 helmet
rElec   .          Harm     .   v - +1 cloak {Will+}
rCorr   +          Rampage  .   (no gloves)
Will    ++...                   (no boots)
Stlth   +++.......              e - amulet of regeneration
HPRegen 0.97/turn               K - ring of resist corrosion
MPRegen 0.21/turn               (no ring)

@: no status effects
A: no striking features
a: Renounce Religion, Channel Magic


You were on level 10 of the Dungeon.
You worshipped Sif Muna.
Sif Muna was pleased with you.
You visited 2 branches of the dungeon, and saw 11 of its levels.
You also visited: Ossuary.

You collected 512 gold pieces.

Inventory:

Hand Weapons
 l - a +0 short sword of speed
 w - a +1 hammer of holy wrath
 C - a +1 whip of chaos
 D - a +2 short sword of chaos
 H - the +5 mace "Dipeg Idisch" (weapon) {spect, rF+ Str+3}
   (You found it on level 4 of the Dungeon)

   When its wielder attacks, the weapon's spirit leaps out and strikes again.
   The spirit shares a part of any damage it takes with its wielder.
   Str:       It affects your strength (+3).
   rF:        It protects you from fire.
Missiles
 B - 23 poisoned darts
Armour
 a - a +0 robe (worn)
 q - a +0 buckler (worn)
 u - a +2 helmet (worn)
 v - a +1 cloak of willpower (worn)
 J - the +1 leather armour "Sunuph" {Str+3}
   (You found it on level 7 of the Dungeon)

   Str:       It affects your strength (+3).
 L - +0 steam dragon scales
 N - +0 acid dragon scales
Jewellery
 c - a ring of positive energy
 e - an amulet of regeneration (around neck)
 K - a ring of resist corrosion (left hand)
Wands
 F - a wand of mindburst (17)
 O - a wand of flame (26)
Scrolls
 g - 5 scrolls of magic mapping
 i - 6 scrolls of immolation
 j - 4 scrolls of silence {unknown}
 m - 4 scrolls of fear
 n - a scroll of enchant weapon {unknown}
 o - 2 scrolls of poison
 p - 5 scrolls of amnesia
 r - a scroll of enchant armour {unknown}
 x - a scroll of torment {unknown}
 y - 3 scrolls of butterflies {unknown}
 A - 9 scrolls of teleportation
 P - a scroll of blinking {unknown}
 Q - a scroll of vulnerability {unknown}
 R - a scroll of summoning {unknown}
Potions
 b - 2 potions of magic
 d - 4 potions of might
 f - 11 potions of curing
 h - 3 potions of lignification {unknown}
 k - 4 potions of haste
 s - a potion of mutation {unknown}
 t - 3 potions of attraction {unknown}
 z - 2 potions of flight {unknown}
 E - a potion of cancellation {unknown}
 G - 2 potions of berserk rage {unknown}
 I - 3 potions of heal wounds {unknown}
 M - 2 potions of invisibility {unknown}


   Skills:
 + Level 2.0 Fighting
 + Level 0.4 Short Blades
 + Level 3.0 Maces & Flails
 + Level 5.3 Dodging
 + Level 4.2 Stealth
 + Level 1.6 Shields
 + Level 13.0 Spellcasting
 + Level 4.3 Conjurations
 + Level 10.8 Necromancy
 + Level 7.8 Earth Magic


You had 23 spell levels left.
You knew the following spells:

 Your Spells              Type           Power      Damage    Failure   Level
a - Necrotise             Necr           100%       1d9       1%          1
b - Sandblast             Erth           100%       2d20      1%          1
c - Vampiric Draining     Necr           63%        2d10      1%          3
d - Stone Arrow           Conj/Erth      92%        3d12      1%          3
e - Animate Dead          Necr           63%        N/A       1%          4

Your spell library contained the following spells:

 Spells                   Type           Power      Damage    Failure   Level
 Passwall                 Tmut/Erth      29%        N/A       1%          2
 Agony                    Necr           63%        N/A       1%          5


Dungeon Overview and Level Annotations

Branches:
Dungeon (10/15)            Temple (1/1) D:6            Lair (0/5) D:10
    Orc (0/2) D:9         Ossuary (visited)

Altars:
Ashenzari
Cheibriados
Dithmenos
Elyvilon
Fedhas
Gozag
Hepliaklqana
Kikubaaqudgha
Makhleb
Nemelex Xobeh
Ru
Sif Muna
Trog
Uskayaw
Vehumet
Wu Jian
Xom
Yredelemnul
Zin
The Shining One

Shops:
D:5 *


Message History

Aim: a warg (moderately wounded, 70% to hit)
The stone arrow misses the warg.
The warg bites you.
* * * LOW HITPOINT WARNING * * *
Okay, then.
Casting: Stone Arrow (safe; 1% risk of failure)
Confirm with . or Enter, or press ? or * to list all spells.
Aiming: Vampiric Draining (safe; 1% risk of failure)
Press: ? - help, Shift-Dir - straight line, f/p - warg
Aim: a warg (moderately wounded)
You draw life force from the warg!
You feel life coursing into your body. The warg bites you!
* * * LOW HITPOINT WARNING * * *
An orc priest comes into view. It is wielding a +0 war axe.
Casting: Vampiric Draining (safe; 1% risk of failure)
Confirm with . or Enter, or press ? or * to list all spells.
Aiming: Vampiric Draining (safe; 1% risk of failure)
Press: ? - help, Shift-Dir - straight line, f/p - warg
Aim: a warg (severely wounded)
You draw life force from the warg!
You feel life coursing into your body.
The orc priest shouts!
The warg barely misses you. You block the warg's attack.
An orc comes into view. It is wielding a +0 dagger.
Unknown command.
You fail to use your ability.
You block the warg's attack.
You fail to use your ability.
A warg comes into view.
The warg bites you!
* * * LOW HITPOINT WARNING * * *
Casting: Vampiric Draining (safe; 1% risk of failure)
Confirm with . or Enter, or press ? or * to list all spells.
You don't have enough magic to cast this spell.
You hit the warg.
The warg is almost dead.
The warg bites you but does no damage. You block the warg's attack.
You completely miss the warg.
The warg is almost dead.
The warg bites you.
* * * LOW HITPOINT WARNING * * *
The warg bites you!
You die...

...... #.#...###......
......##.#............
#....)......##.....>.
...####.##.....o......
######...##............
.......>.###o#..##.....
#######....{o.....#!....
..........#h####.## ....
#######...#@### ..###...
#####...###).# ###..#
#.# ##.###.####
#........# ###......#
#..<...# #......#
#......#


You could see a warg, an orc priest and an orc.

Vanquished Creatures
  A centaur warrior (D:9)
  A two-headed ogre (D:10)
  An oklob plant (D:7)
  4 yaks
  Grum (D:8)
  2 steam dragons
  A warg (D:10)
  An acid dragon (D:8)
  5 orc warriors
  A sky beast (D:7)
  An ice beast (D:7)
  4 wolves (D:8)
  A black bear (D:4)
  3 ogres
  2 phantoms (D:4)
  5 elf zombies (Ossuary)
  A kobold brigand (D:9)
  4 bullfrogs
  3 scorpions
  A necrophage (D:6)
  5 wights
  11 killer bees
  3 howler monkeys (D:8)
  7 centaur zombies (Ossuary)
  3 hounds
  12 jellies
  2 orc priests (D:6)
  2 gnoll boudas
  3 iguanas
  Crazy Yiuf (D:2)
  4 orc wizards
  3 mummies (Ossuary)
  9 gnolls
  9 adders
  A shadow imp (D:5)
  2 white imps (D:6)
  3 worms
  2 dart slugs (D:4)
  18 orcs
  11 ball pythons
  18 endoplasms
  3 giant cockroaches
  6 goblins
  6 hobgoblins
  7 jackals
  15 kobolds
  5 quokkas
  7 bats
  A frilled lizard (D:3)
  An orc zombie (D:9)
  10 rats
233 creatures vanquished.

Vanquished Creatures (collateral kills)
  A yak (D:9)
  A gnoll sergeant (D:8)
  2 gnolls (D:8)
  A ball python (D:1)
  2 goblins (D:8)
  A jackal (D:1)
  A kobold (D:9)
9 creatures vanquished.

Vanquished Creatures (others)
  2 yak zombies (D:9)
  2 orc zombies (D:9)
  A steam dragon zombie (D:9)
  4 gnoll zombies (D:9)
  4 fungi (D:7)
13 creatures vanquished.

Grand Total: 255 creatures vanquished

Notes
Turn   | Place    | Note
-------+----------+-------------------------------------------
     0 | D:1      | greenreed the Deep Elf Necromancer began the quest for the
                  | Orb.
     0 | D:1      | Reached XP level 1. HP: 10/10 MP: 6/6
    45 | D:1      | Reached skill level 5 in Necromancy
   195 | D:1      | Reached XP level 2. HP: 15/15 MP: 4/8
   831 | D:2      | Reached XP level 3. HP: 19/19 MP: 6/10
  1255 | D:2      | Reached skill level 4 in Spellcasting
  1328 | D:2      | Reached XP level 4. HP: 24/24 MP: 9/12
  1507 | D:2      | Learned a level 1 spell: Sandblast
  2047 | D:2      | Found a runed translucent door.
  2048 | D:2      | Noticed Crazy Yiuf
  2058 | D:2      | Killed Crazy Yiuf
  2215 | D:3      | Found a faded altar of an unknown god.
  2342 | D:3      | Reached XP level 5. HP: 28/28 MP: 5/14
  2482 | D:3      | Reached skill level 5 in Spellcasting
  2762 | D:3      | Found a large runed translucent door.
  2762 | D:3      | Found a large runed translucent door.
  2966 | D:3      | Found a shimmering altar of Xom.
  3439 | D:4      | Reached XP level 6. HP: 32/32 MP: 11/16
  3674 | D:4      | Reached skill level 6 in Spellcasting
  3674 | D:4      | Reached skill level 1 in Earth Magic
  4421 | D:4      | Reached XP level 7. HP: 37/37 MP: 17/19
  4532 | D:4      | Noticed a moth of wrath
  4535 | D:4      | Found a bloodstained altar of Trog.
  4565 | D:4      | Identified the +5 mace "Dipeg Idisch" {spect, rF+ Str+3}
  4741 | D:5      | Entered Level 5 of the Dungeon
  5004 | D:5      | Reached skill level 7 in Spellcasting
  5049 | D:5      | Learned a level 3 spell: Vampiric Draining
  5142 | D:5      | Found Vimpes's Assorted Antiques.
  5629 | D:6      | Reached skill level 8 in Spellcasting
  5685 | D:6      | Found an ornate altar of the Wu Jian Council.
  5686 | D:6      | Found a basalt altar of Yredelemnul.
  5758 | D:6      | Reached XP level 8. HP: 42/42 MP: 19/22
  6039 | D:6      | Reached skill level 9 in Spellcasting
  6377 | D:6      | Reached skill level 5 in Earth Magic
  6458 | D:6      | Found a staircase to the Ecumenical Temple.
  6467 | Temple   | Entered the Ecumenical Temple
  6512 | Temple   | Became a worshipper of Sif Muna the Loreminder
  6684 | D:7      | Found a hide-covered altar of Uskayaw.
  6701 | D:7      | Reached skill level 1 in Maces & Flails
  6846 | D:7      | Found an ancient bone altar of Kikubaaqudgha.
  6858 | D:7      | Identified the +1 leather armour "Sunuph" {Str+3}
  6892 | D:7      | Noticed an oklob plant
  6907 | D:7      | Reached XP level 9. HP: 22/46 MP: 17/24
  6910 | D:7      | Reached skill level 1 in Fighting
  6912 | D:7      | Reached skill level 10 in Spellcasting
  7025 | D:7      | Reached * piety under Sif Muna
  7140 | D:7      | Killed an oklob plant
  7202 | D:7      | Learned a level 3 spell: Stone Arrow
  7207 | D:7      | Learned a level 4 spell: Animate Dead
  7498 | D:7      | Reached skill level 11 in Spellcasting
  7887 | D:8      | Found a sand-covered staircase.
  7892 | D:8      | Found a broken altar of Ashenzari.
  7895 | Ossuary  | Entered an ossuary
  7941 | Ossuary  | Reached skill level 1 in Conjurations
  8448 | D:8      | Reached ** piety under Sif Muna
  8485 | D:8      | Reached XP level 10. HP: 28/52 MP: 2/27
  8487 | D:8      | Reached skill level 10 in Necromancy
  8515 | D:8      | Noticed Grum
  8637 | D:8      | Killed Grum
  9367 | D:9      | Found a staircase to the Orcish Mines.
  9381 | D:9      | Reached skill level 1 in Shields
  9381 | D:9      | Reached skill level 12 in Spellcasting
  9796 | D:9      | Reached skill level 5 in Dodging
  9997 | D:9      | Noticed a centaur warrior
 10016 | D:9      | Killed a centaur warrior
 10337 | D:10     | Entered Level 10 of the Dungeon
 10360 | D:10     | Noticed a two-headed ogre
 10364 | D:10     | Killed a two-headed ogre
 10425 | D:10     | Found a staircase to the Lair.
 10442 | D:10     | Reached skill level 13 in Spellcasting
 10448 | D:10     | Slain by a warg

Illustrated notes

Levels and vault maps discovered:
D:1:      eino_arrival_druids_welcome, layout_basic
D:2:      layout_loops_ring, minmay_snake_closets, uniq_crazy_yiuf_cottage
D:3:      due_chaos_kobolds, layout_loops_ring,
          hellmonk_ecumenical_altar_pennies_from_heaven
D:4:      layout_layer_cave, tgw_trog, minmay_misc_feat_chi
D:5:      cheibrodos_quashed, layout_gridville, serial_shops, shop, minivault_4,
          eino_tiny_chamber, minmay_misc_feat_cross
D:6:      layout_basic, chequers_temple_overflow_statue_of_worship,
          minmay_temple_entry_poolview, minivault_27, kennysheep_generic_room_16
D:7:      lemuel_slime, layout_loops_ring, nicolae_overflow_crystal_walls,
          nicolae_uskayaw_suspiria
D:8:      nicolae_cairo_tiling_large_dashed, layout_gridville,
          nicolae_ashenzari_skybound, enter_ossuary_1, enter_bailey_3, uniq_grum
D:9:      layout_rooms, david_orc_2
D:10:     layout_rooms, grunt_temple_overflow_open, erik_lair_orcish_takeover
Temple:   nicolae_temple_ecumenical_triangle

Skill      XL: |  1  2  3  4  5  6  7  8  9 10 |
---------------+-------------------------------+-----
Necromancy     | 5 6 7 8 9 10 | 10.8
Spellcasting   | 4 5 6 8 9 11 13 | 13.0
Earth Magic    | 2 3 5 7 |  7.8
Dodging        | 3 4 5 |  5.3
Maces & Flails | 1 3 |  3.0
Stealth        | 3 4 |  4.2
Fighting       | 1 2 |  2.0
Conjurations   | 3 4 |  4.3
Shields        | 1 |  1.6
Short Blades   | |  0.4

Action                   |  1- 3 |  4- 6 |  7- 9 | 10-12 || total
-------------------------+-------+-------+-------+-------++-------
Melee: Mace              |       |     7 |    90 |    47 ||   144
       Short sword       |       |     4 |    20 |       ||    24
 Cast: Necrotise         |    57 |   121 |    68 |       ||   246
       Sandblast         |       |    16 |    64 |       ||    80
       Vampiric Draining |       |       |    41 |     9 ||    50
       Stone Arrow       |       |       |    43 |    54 ||    97
       Animate Dead      |       |       |       |     4 ||     4
  Use: Scroll            |       |       |     9 |     1 ||    10
       Potion            |       |       |       |     2 ||     2
 Stab: Distracted        |       |       |       |     1 ||     1
Armor: Robe              |     1 |    13 |    64 |    22 ||   100
Dodge: Dodged            |     2 |    24 |   121 |    74 ||   221
Block: Buckler           |       |     7 |    33 |    18 ||    58

Table legend: (Time is in decaauts)
 A = Elapsed time spent in this place.
 B = Non-inter-level travel time spent in this place.
 C = Inter-level travel time spent in this place.
 D = Time resting spent in this place.
 E = Time spent auto-exploring this place.
 F = Levels seen in this place.
 G = Mean time per level.
                   A        B        C        D        E       F      G
               +--------+--------+--------+--------+--------+-----+--------+
         Total |  10594 |  10142 |    452 |    688 |   7597 |  12 |  882.8 |
       Dungeon |   9992 |   9571 |    421 |    688 |   7149 |  10 |  999.2 |
        Temple |     62 |     31 |     31 |      0 |     23 |   1 |   62.0 |
       Ossuary |    539 |    539 |      0 |      0 |    425 |   1 |  539.0 |
               +--------+--------+--------+--------+--------+-----+--------+

Top non-repeatable levels by time:
     D:4: 1452 daAuts
     D:2: 1390 daAuts
     D:7: 1374 daAuts
     D:8: 1174 daAuts
     D:6: 1096 daAuts
     D:3: 1095 daAuts
     D:1: 823 daAuts
     D:5: 758 daAuts
     D:9: 716 daAuts
 Ossuary: 539 daAuts
    D:10: 111 daAuts
  Temple: 62 daAuts
